 Dungeon Crawl Stone Soup version 0.28.0-53-g5a82cb258f (webtiles) character file.

Game seed: 925223113239704530

6679 Sin92 the Basher (level 10, -4/91 HPs)
             Began as a Minotaur Fighter on June 5, 2022.
             Was a High Priest of Okawaru.
             Slain by a two-headed ogre
             ... wielding a +0 giant spiked club
              (12 damage)
             ... on level 10 of the Dungeon.
             The game lasted 00:20:41 (8489 turns).

Sin92 the Basher (Minotaur Fighter)                 Turns: 8489, Time: 00:20:42

Health: -4/91      AC: 17    Str: 24    XL:     10   Next: 73%
Magic:  11/11      EV: 10    Int: 11    God:    Okawaru [*****.]
Gold:   417        SH:  7    Dex: 18    Spells: 9/9 levels left

rFire   . . .      SeeInvis .   n - +9 mace "Leviticus" {holy, rPois rC++ Dex+7}
rCold   + + .      Faith    .   c - +0 buckler
rNeg    . . .      Spirit   .   x - +0 plate armour
rPois   +          Reflect  .   (helmet restricted)
rElec   .          Harm     .   d - +1 cloak
rCorr   .          Rampage  .   m - +0 pair of gloves
Will    .....                   (no boots)
Stlth   ..........              (no amulet)
HPRegen 0.25/turn               j - +6 ring of intelligence
MPRegen 0.12/turn               v - ring of flight

@: flying
A: horns 2, retaliatory headbutt
a: Renounce Religion, Heroism, Finesse, Duel


You were on level 10 of the Dungeon.
You worshipped Okawaru.
Okawaru was extremely pleased with you.
You visited 2 branches of the dungeon, and saw 11 of its levels.

You collected 417 gold pieces.

Inventory:

Hand Weapons
 l - the +10 whip of Homiciac {vorpal, Contam rN++}
   (You found it on level 4 of the Dungeon)

   It inflicts extra damage upon your enemies.
   rN:        It greatly protects you from negative energy.
   Contam:    It causes magical contamination when unequipped.
 n - the +9 mace "Leviticus" (weapon) {holy, rPois rC++ Dex+7}
   (You found it on level 3 of the Dungeon)

   It has been blessed by the Shining One to cause great damage to the undead
   and demons.
   Dex:       It affects your dexterity (+7).
   rC:        It greatly protects you from cold.
   rPois:     It protects you from poison.
Missiles
 r - a throwing net (quivered)
Armour
 c - a +0 buckler (worn)
 d - a +1 cloak (worn)
 m - a +0 pair of gloves (worn)
 x - a +0 plate armour (worn)
Jewellery
 j - a +6 ring of intelligence (left hand)
 v - a ring of flight (right hand)
Wands
 a - a wand of iceblast (14)
 u - a wand of digging (5)
Scrolls
 h - a scroll of fear
 k - 2 scrolls of magic mapping
 p - a scroll of enchant weapon
Potions
 b - a potion of cancellation {unknown}
 e - a potion of ambrosia
 f - a potion of heal wounds
 g - 8 potions of curing
 i - a potion of flight
 o - a potion of attraction
 s - a potion of haste
 t - a potion of magic


   Skills:
 + Level 9.0 Fighting
 - Level 4.3(8.0) Axes
 * Level 10.4(10.8) Maces & Flails
 + Level 8.9 Armour
 - Level 6.2 Dodging
 + Level 9.0 Shields
 + Level 3.2 Invocations


You had 9 spell levels left.
You didn't know any spells.
Your spell library contained the following spells:

 Spells                   Type           Power      Damage    Failure   Level
 Confusing Touch          Hex            0%         N/A       100%        3
 Olgreb's Toxic Radiance  Pois           0%         N/A       100%        4
 Yara's Violent Unravell  Hex/Tmut       0%         3d3       100%        5
 Enfeeble                 Hex            0%         N/A       100%        7
 Ozocubu's Refrigeration  Ice            0%         4d5       100%        7
 Ignition                 Fire           0%         3d3       100%        8


Dungeon Overview and Level Annotations

Branches:
Dungeon (10/15)            Temple (1/1) D:4            Lair (0/6) D:10
    Orc: D:9-12

Altars:
Ashenzari
Cheibriados
Dithmenos
Elyvilon
Fedhas
Gozag
Hepliaklqana
Makhleb
Nemelex Xobeh
Okawaru
Qazlal
Ru
Trog
Uskayaw
Wu Jian
Xom
Yredelemnul
Zin
The Shining One

Shops:
D:10 *

Annotations:
D:10 exclusion: 2 oklob plants


Innate Abilities, Weirdness & Mutations

You have a pair of horns on your head.
You reflexively headbutt those who attack you in melee.


Message History

The acid dragon looks frightened!
Unknown command.
Found 12 gold pieces.
Found a club.
You now have 417 gold pieces (gained 12).
A two-headed ogre comes into view.
It is wielding two +0 giant spiked clubs.
The two-headed ogre shouts in stereo!
A centaur comes into view.
Okay, then.
Okay, then.
As you read the scroll of fog, it crumbles to dust.
The scroll dissolves into smoke.
You reach down and open the door.
The two-headed ogre hits you with a +0 giant spiked club!
* * * LOW HITPOINT WARNING * * *
You block the two-headed ogre's attack.
There is an open door here.
You hit the two-headed ogre.
The two-headed ogre is lightly wounded.
You sock the two-headed ogre!
The two-headed ogre is heavily wounded.
The two-headed ogre closely misses you.
The two-headed ogre hits you but does no damage.
You sock the two-headed ogre!
The two-headed ogre is severely wounded.
The two-headed ogre closely misses you.
The two-headed ogre completely misses you.
You barely miss the two-headed ogre.
Your headbutt misses the two-headed ogre.
The two-headed ogre is severely wounded.
You hit the two-headed ogre.
The two-headed ogre is severely wounded.
The two-headed ogre barely misses you.
The two-headed ogre hits you with a +0 giant spiked club!
* * * LOW HITPOINT WARNING * * *
Unknown command.
You completely miss the two-headed ogre.
The two-headed ogre is severely wounded.
The two-headed ogre hits you with a +0 giant spiked club!
You die...

. ...
####################8....
.........D....§§§§§§.....
≈...........###§§#§§.....
≈≈...........D.§§#§§.O8..
≈......).....§§§§O§§....c
..##≈≈≈#########@#####.##
......≈≈≈................
..######≈≈#########+#####
... .≈


You could see a two-headed ogre and an acid dragon.

Vanquished Creatures
  A two-headed ogre (D:7)
  A kobold demonologist (D:9)
  A hornet (D:6)
  Sigmund (D:3)
  4 wyverns
  A vampire (D:9)
  3 yaks (D:9)
  Menkaure (D:7)
  3 water moccasins
  Duvessa (D:7)
  A sky beast (D:7)
  An ice beast (D:8)
  A black bear (D:7)
  3 ogres (D:6)
  3 orc warriors
  A centaur (D:3)
  3 bullfrogs
  18 kobold brigands (D:9)
  A wyvern zombie (D:8)
  Dowan (D:7)
  5 killer bees (D:9)
  5 howler monkeys
  A bullfrog zombie (D:6)
  3 centaur zombies (D:8)
  5 hounds
  Crazy Yiuf (D:3)
  A jelly (D:5)
  3 orc priests
  A centaur skeleton (D:6)
  A bullfrog skeleton (D:5)
  2 iguanas
  5 orc wizards
  A scorpion zombie (D:5)
  A hound zombie (D:5)
  A howler monkey zombie (D:7)
  Robin (D:2)
  7 gnolls
  A howler monkey skeleton (D:4)
  3 adders
  A shadow imp (D:7)
  A white imp (D:6)
  5 dart slugs
  25 orcs
  8 endoplasms
  3 giant cockroaches
  17 goblins
  9 hobgoblins
  3 jackals (D:1)
  11 kobolds
  3 quokkas
  9 ball pythons
  6 bats
  A frilled lizard (D:1)
  6 rats
206 creatures vanquished.

Notes
Turn   | Place    | Note
-------+----------+-------------------------------------------
     0 | D:1      | Sin92 the Minotaur Fighter began the quest for the Orb.
     0 | D:1      | Reached XP level 1. HP: 19/19 MP: 0/0
   234 | D:1      | Reached XP level 2. HP: 24/27 MP: 1/1
   455 | D:1      | Reached skill level 1 in Dodging
   551 | D:1      | Reached XP level 3. HP: 26/33 MP: 2/2
  1046 | D:1      | Found a faded altar of an unknown god.
  1348 | D:2      | Noticed Robin
  1354 | D:2      | Killed Robin
  1355 | D:2      | Reached XP level 4. HP: 36/40 MP: 3/3
  2040 | D:3      | Found a runed translucent door.
  2041 | D:3      | Noticed Crazy Yiuf
  2057 | D:3      | Noticed Sigmund
  2070 | D:3      | Killed Sigmund
  2071 | D:3      | Reached XP level 5. HP: 36/47 MP: 4/4
  2252 | D:3      | Reached XP level 6. HP: 51/55 MP: 5/5
  2387 | D:3      | Reached skill level 5 in Fighting
  2393 | D:3      | Reached skill level 5 in Armour
  2393 | D:3      | Reached skill level 5 in Shields
  2933 | D:3      | Killed Crazy Yiuf
  2937 | D:3      | Identified the +9 mace "Leviticus" {holy, rPois rC++ Dex+7}
  3126 | D:4      | Reached skill level 1 in Maces & Flails
  3237 | D:4      | Reached XP level 7. HP: 61/61 MP: 6/6
  3287 | D:4      | Found a staircase to the Ecumenical Temple.
  3348 | Temple   | Entered the Ecumenical Temple
  3377 | Temple   | Became a worshipper of Warmaster Okawaru
  3760 | D:4      | Identified the +10 whip of Homiciac {vorpal, Contam rN++}
  3773 | D:5      | Entered Level 5 of the Dungeon
  3870 | D:5      | Reached skill level 2 in Maces & Flails
  4134 | D:5      | Reached skill level 3 in Maces & Flails
  4552 | D:6      | Found a hide-covered altar of Uskayaw.
  4554 | D:6      | Found a glowing silver altar of Zin.
  4580 | D:6      | Reached skill level 4 in Maces & Flails
  4599 | D:6      | Reached XP level 8. HP: 70/70 MP: 7/7
  4668 | D:6      | Found a broken altar of Ashenzari.
  4746 | D:6      | Reached * piety under Okawaru
  4852 | D:6      | Reached skill level 5 in Maces & Flails
  5263 | D:7      | Noticed a hornet
  5266 | D:7      | Noticed Dowan
  5266 | D:7      | Noticed Duvessa
  5273 | D:6      | Killed a hornet
  5274 | D:6      | Reached skill level 6 in Maces & Flails
  5335 | D:7      | Reached ** piety under Okawaru
  5336 | D:7      | Reached skill level 5 in Dodging
  5455 | D:7      | Reached XP level 9. HP: 43/78 MP: 8/8
  5518 | D:7      | Killed Duvessa
  5519 | D:7      | Reached skill level 7 in Maces & Flails
  5527 | D:7      | Killed Dowan
  5527 | D:7      | Noticed Menkaure
  5534 | D:7      | Killed Menkaure
  5980 | D:7      | Noticed a two-headed ogre
  5989 | D:7      | Killed a two-headed ogre
  5989 | D:7      | Reached *** piety under Okawaru
  5990 | D:7      | Reached skill level 8 in Maces & Flails
  6714 | D:8      | Found a snail-covered altar of Cheibriados.
  7129 | D:9      | Noticed a queen bee
  7248 | D:9      | Reached XP level 10. HP: 75/88 MP: 9/9
  7352 | D:9      | Reached skill level 9 in Maces & Flails
  7353 | D:9      | Reached **** piety under Okawaru
  7354 | D:9      | Reached skill level 1 in Invocations
  7471 | D:9      | Reached skill level 10 in Maces & Flails
  7786 | D:9      | Reached ***** piety under Okawaru
  8195 | D:10     | Entered Level 10 of the Dungeon
  8208 | D:10     | Noticed an oklob plant
  8295 | D:10     | Found Atoim's General Store.
  8379 | D:10     | Noticed an oklob plant
  8383 | D:10     | Found a staircase to the Lair.
  8441 | D:10     | Noticed a seven-headed hydra
  8476 | D:10     | Noticed a two-headed ogre
  8489 | D:10     | Slain by a two-headed ogre

Illustrated notes

Levels and vault maps discovered:
D:1:      dpeg_arrival_round_c, layout_loops_corners,
          hellmonk_ecumenical_altar_inner_sanctum
D:2:      layout_loops_ring, uniq_robin
D:3:      layout_rooms, grunt_ministairs_12, uniq_sigmund,
          uniq_crazy_yiuf_cottage
D:4:      layout_loops_ring, minmay_temple_entry_statues_fountains,
          corexii_shack
D:5:      minmay_evil_eye, layout_basic
D:6:      layout_cave_pools, mainiacjoe_overflow_tiny_flanked,
          mainiacjoe_overflow_catwalk_spiral, serial_glass, glass_columns_b,
          glass_columns_c
D:7:      layout_cave_pools, serial_glass, glass_columns_a, glass_columns_a,
          uniq_duvessa, uniq_menkaure
D:8:      layout_cave_pools, kennysheep_mini, minivault_11
D:9:      layout_roguey [special_room_kobold], hive_lemuel
D:10:     layout_stronghold, grunt_temple_overflow_magic_moments,
          dpeg_oklobed_lair, serial_rivers, chequers_serial_rivers_micro_c,
          chequers_serial_rivers_small_a, chequers_serial_rivers_small_b,
          chequers_serial_rivers_small_a, enter_bailey_6, serial_shops,
          nicolae_shop_waterfront, grunt_decor_cap, st_stairs_14,
          hangedman_fish_farm
Temple:   eino_wide_crystal_templ

Skill      XL: |  1  2  3  4  5  6  7  8  9 10 |
---------------+-------------------------------+-----
Dodging        | 1 2 3 4 5 6 |  6.2
Shields        | 4 5 6 8 9 |  9.0
Fighting       | 4 5 6 8 9 |  9.0
Armour         | 4 5 6 8 |  8.9
Axes           | 3 4 |  4.3
Maces & Flails | 1 4 6 8 10 | 10.4
Invocations    | 3 |  3.2

Action                   |  1- 3 |  4- 6 |  7- 9 | 10-12 || total
-------------------------+-------+-------+-------+-------++-------
Melee: War axe           |    85 |    73 |       |       ||   158
       Headbutt          |     7 |    11 |    34 |    22 ||    74
       Mace              |       |    13 |   189 |   154 ||   356
Invok: Heroism           |       |       |     1 |       ||     1
  Use: Scroll            |       |     4 |    12 |     6 ||    22
       Potion            |       |     2 |       |     3 ||     5
Armor: Scale mail        |    46 |    47 |     2 |       ||    95
       Chain mail        |       |       |    96 |     4 ||   100
       Plate armour      |       |       |       |    61 ||    61
Dodge: Dodged            |    45 |    44 |    94 |    58 ||   241
Block: Buckler           |    25 |    22 |    61 |    43 ||   151
